 Dungeon Crawl Stone Soup version 0.30-a0-232-g7c5df11ecf (webtiles) character file.

Game seed: 14618501838755589007

92 qw the Chopper (level 4, -1/28 HPs)
             Began as a Gargoyle Fighter on Oct 9, 2022.
             Slain by an ogre
             ... wielding a +0 giant club
              (29 damage)
             ... on level 3 of the Dungeon.
             The game lasted 00:00:44 (1844 turns).

qw the Chopper (Gargoyle Fighter)                   Turns: 1844, Time: 00:00:44

Health: -1/28      AC: 14    Str: 21    XL:     4   Next: 60%
Magic:  4/4        EV:  9    Int: 12    God:
Gold:   57         SH:  4    Dex:  9    Spells: 3/3 levels left

rFire   . . .      SeeInvis .    Y - +0 war axe
rCold   . . .      Faith    .    c - +0 buckler
rNeg    + . .      Spirit   .    b - +0 scale mail
rPois   inf        Reflect  .    p - +2 helmet {Int+3}
rElec   +          Harm     .    (no cloak)
rCorr   .          Rampage  .    m - +0 pair of gloves
Will    .....                    (no boots)
Stlth   ..........               (no amulet)
HPRegen 0.24/turn                (no ring)
MPRegen 0.09/turn                (no ring)

@: no status effects
A: sickness immunity, AC +3, negative energy resistance 1, electricity
resistance, torment resistance 1, petrification resistance
a: no special abilities


You were on level 3 of the Dungeon.
You visited 1 branch of the dungeon, and saw 3 of its levels.

You collected 57 gold pieces.


Innate Abilities, Weirdness & Mutations

You are immune to sickness and miasma.
Your stone body is resilient. (AC +3)
You are immune to poison.
You resist negative energy. (rN+)
You are resistant to electric shocks. (rElec)
You are resistant to unholy torment.
You are immune to petrification.


   Skills:
 - Level 3.2 Fighting
 + Level 4.2 Axes
 - Level 0.2 Throwing
 - Level 3.2 Armour
 - Level 3.2 Shields


You had 3 spell levels left.
You didn't know any spells.
Your spell library was empty.

Inventory:

Hand Weapons
 i - a +0 whip
 Y - a +0 war axe (weapon)
Armour
 b - a +0 scale mail (worn)
 c - a +0 buckler (worn)
 m - a +0 pair of gloves (worn)
 p - a +2 helmet of intelligence (worn)
Scrolls
 a - a scroll of identify
 n - a scroll of teleportation
Potions
 d - a potion of might
 e - a potion of resistance
 f - a potion of magic {unknown}
 k - a potion of haste
 l - a potion of brilliance {unknown}

Dungeon Overview and Level Annotations

Branches:
Dungeon (3/15)

Altars:

Shops:
D:1 !


Message History

1833 ||| STAIRDANCE You block the orc's attack.
You climb upwards.
There is a stone staircase leading down here.
You hit the orc.
The orc is heavily wounded.
You block the orc's attack.
You slash the orc!
You kill the orc!
Done exploring.
(D) Dungeon
Where to? (* - list waypoints, Enter - D:3, ? - help)
What level of the Dungeon? (default 1, ? - help)
You climb downwards.
There is a stone staircase leading up here.
There are monsters nearby!
1839 ||| Stepping ~*~*~tactically~*~*~ (stealth).
A hobgoblin and a goblin come into view.
Found a stone staircase leading down.
The goblin shouts!
You block the ogre's attack.
You hit the ogre.
The ogre is lightly wounded.
An endoplasm comes into view.
The ogre barely misses you.
You hit the ogre.
The ogre is moderately wounded.
The ogre closely misses you.
The hobgoblin hits you but does no damage.
You slash the ogre!
The ogre is severely wounded.
You slash the hobgoblin!
You kill the hobgoblin!
You barely miss the ogre.
The ogre is severely wounded.
You hit the goblin.
You kill the goblin!
The ogre hits you with a +0 giant club!!
Ouch! That really hurt!
You die...

#. #. #. ###.#
.... #..
#..#######
#.)@.<...#
..(J(.O#.#.#.#
.#####..###..
#.# ...$ #/
..... #. #####
#> ..


You could see an ogre and an endoplasm.

Vanquished Creatures
  3 gnolls (D:2)
  An adder (D:2)
  A worm (D:2)
  2 dart slugs (D:1)
  An orc (D:2)
  6 bats
  5 endoplasms
  2 giant cockroaches
  4 goblins
  6 hobgoblins
  A quokka (D:1)
  5 ball pythons
  4 frilled lizards
  4 kobolds (D:1)
  3 rats
48 creatures vanquished.

Notes
Turn   | Place    | Note
-------+----------+-------------------------------------------
     0 | D:1      | qw the Gargoyle Fighter began the quest for the Orb.
     0 | D:1      | Reached XP level 1. HP: 14/14 MP: 1/1
     0 | D:1      | 0 ||| qw: Version: 0.2-a-17-g06abaee
     0 | D:1      | 0 ||| qw: Game counter: 2315
     0 | D:1      | 0 ||| qw: Always use a shield: true
     0 | D:1      | 0 ||| qw: God list: Okawaru
     0 | D:1      | 0 ||| qw: Allow faded altars: false
     0 | D:1      | 0 ||| qw: Do Orc after D:15 true
     0 | D:1      | 0 ||| qw: Do second Lair branch before Depths: true
     0 | D:1      | 0 ||| qw: Lair rune preference: random
     0 | D:1      | 0 ||| qw: Plans: Normal, Zot:1-4, God:TSO, Crypt, Tomb,
                  | Pan, Slime:5, Hells, Abyss, Orb
     0 | D:1      | 0 ||| PLANNING D:1-11
    38 | D:1      | Reached skill level 2 in Axes
    51 | D:1      | Found Nyvaplis's Distillery.
    61 | D:1      | 61 ||| SHOPLISTING potion of attraction (30 gold, have 12).
    61 | D:1      | 61 ||| SHOPLISTING potion of curing (30 gold, have 12).
    61 | D:1      | 61 ||| SHOPLISTING potion of haste (100 gold, have 12).
    61 | D:1      | 61 ||| SHOPLISTING potion of heal wounds (50 gold, have
                  | 12).
   102 | D:1      | 102 ||| DROPPING +0 club.
   113 | D:1      | Reached XP level 2. HP: 19/19 MP: 2/2
   283 | D:1      | 283 ||| Stepping ~*~*~tactically~*~*~ (stealth).
   284 | D:1      | 284 ||| Stepping ~*~*~tactically~*~*~ (stealth).
   537 | D:1      | Reached skill level 3 in Axes
   571 | D:1      | Reached XP level 3. HP: 19/23 MP: 3/3
   736 | D:1      | 736 ||| DROPPING ring of flight.
   737 | D:1      | 737 ||| READING 2 scrolls labelled GEOVUSMEILIO.
   738 | D:1      | 738 ||| READING 5 scrolls labelled IFASIL XENG.
   739 | D:1      | 739 ||| READING scroll labelled XIXAOZ RYEHAN.
   744 | D:1      | 744 ||| DROPPING 4 scrolls of blinking.
   782 | D:2      | 782 ||| STAIRDANCE
   863 | D:2      | 863 ||| Stepping ~*~*~tactically~*~*~ (stealth).
   987 | D:2      | 987 ||| Stepping ~*~*~tactically~*~*~ (stealth).
   990 | D:2      | 990 ||| Stepping ~*~*~tactically~*~*~ (stealth).
   993 | D:2      | 993 ||| Stepping ~*~*~tactically~*~*~ (hiding).
   997 | D:2      | 997 ||| Stepping ~*~*~tactically~*~*~ (stealth).
  1004 | D:2      | 1004 ||| Stepping ~*~*~tactically~*~*~ (stealth).
  1010 | D:2      | 1010 ||| Stepping ~*~*~tactically~*~*~ (stealth).
  1069 | D:2      | 1069 ||| Stepping ~*~*~tactically~*~*~ (stealth).
  1160 | D:2      | HP: 4/23 [gnoll/+0 spear (5)]
  1161 | D:2      | HP: 1/23 [gnoll/+0 spear (3)]
  1162 | D:2      | Reached XP level 4. HP: 2/28 MP: 4/4
  1163 | D:2      | Reached skill level 4 in Axes
  1286 | D:2      | 1286 ||| Stepping ~*~*~tactically~*~*~ (stealth).
  1458 | D:2      | Found a faded altar of an unknown god.
  1563 | D:2      | 1563 ||| UPGRADING to +0 pair of gloves.
  1568 | D:2      | 1568 ||| UPGRADING to +2 helmet of intelligence.
  1573 | D:2      | 1573 ||| READING scroll labelled QIECEI ZENLU.
  1574 | D:2      | 1574 ||| READING scroll labelled LIFOIC QAUTEF.
  1575 | D:2      | 1575 ||| READING scroll labelled WOENOU YGARI.
  1576 | D:2      | 1576 ||| DRINKING 2 purple potions.
  1577 | D:2      | 1577 ||| READING 2 scrolls of identify.
  1577 | D:2      | 1577 ||| IDENTIFYING lumpy brown potion
  1832 | D:3      | Noticed an ogre
  1833 | D:3      | 1833 ||| STAIRDANCE
  1839 | D:3      | 1839 ||| Stepping ~*~*~tactically~*~*~ (stealth).
  1844 | D:3      | Slain by an ogre

Levels and vault maps discovered:
D:1:      amcnicky_arrival_choice, layout_loops_ring, serial_shops,
          nicolae_shop_crystal, chequers_serial_rivers_room_a
D:2:      minmay_chambers_of_ones, layout_rooms, nicolae_ecumenical_oubliette
D:3:      layout_loops_ring, serial_shops, shop

Skill      XL: |  1  2  3  4 |
---------------+-------------+-----
Axes           | 2 3 4 |  4.2
Fighting       | |  3.2
Throwing       | |  0.2
Armour         | |  3.2
Shields        | |  3.2

Action                   |  1- 3 |  4- 6 || total
-------------------------+-------+-------++-------
Melee: War axe           |   118 |    24 ||   142
Throw: Javelin           |       |     4 ||     4
  Use: Scroll            |     3 |     4 ||     7
       Potion            |       |     1 ||     1
Armor: Scale mail        |    58 |    12 ||    70
Dodge: Dodged            |    46 |     6 ||    52
Block: Buckler           |    20 |     6 ||    26

Table legend:
 A = Non-vault XP
 B = Vault XP
 C = Vault XP percentage of total XP
 D = Non-vault monster count
 E = Vault monster count
 F = Vault count percentage of total count
                 A         B        C        D         E       F
            +---------+---------+-------+---------+---------+-------
      Total |     126 |       7 |   5.3 |      43 |       5 |  10.4
            +---------+---------+-------+---------+---------+-------
        D:1 |      40 |       0 |   0.0 |      23 |       0 |   0.0
        D:2 |      83 |       7 |   7.8 |      18 |       5 |  21.7
        D:3 |       3 |       0 |   0.0 |       2 |       0 |   0.0
            +---------+---------+-------+---------+---------+-------
